 Dungeon Crawl Stone Soup version 0.32-a0-42-ga30500b4d3 (webtiles) character file.

Game seed: 5486682779836474387

2587 grandjackal the Fighter (level 9, 0/78 HPs)
             Began as a Demonspawn Gladiator on Jan 29, 2024.
             Was an Initiate of Trog.
             Slain by Prince Ribbit (7 damage)
             ... on level 5 of the Dungeon.
             The game lasted 00:06:18 (4125 turns).

grandjackal the Fighter (Demonspawn Gladiator)      Turns: 4125, Time: 00:06:19

Health: 0/78       AC:  7    Str: 14    XL:     9   Next: 32%
Magic:  9/9        EV: 16    Int:  9    God:    Trog [......]
Gold:   272        SH:  0    Dex: 19    Spells: 8/8 levels left

rFire   . . .        a - +0 long sword
rCold   . . .        (no shield)
rNeg    + . .        k - +0 ring mail
rPois   .            (helmet restricted)
rElec   .            (no cloak)
rCorr   .            o - +0 pair of gloves
SInv    .            (no boots)
Will    .....        (no amulet)
Stlth   +            m - ring of positive energy
HPRegen 0.33/turn    (no ring)
MPRegen 0.11/turn

%: no passive effects
@: no status effects
A: antennae 1, demonic guardian 1, sharp scales 1, MP-powered wands
a: Renounce Religion


You were on level 5 of the Dungeon.
You worshipped Trog.
Trog was noncommittal.
You visited 2 branches of the dungeon, and saw 7 of its levels.

You collected 272 gold pieces.

Inventory:

Hand Weapons
 a - a +0 long sword (weapon)
 c - a +2 hand axe of flaming
Missiles
 d - 3 throwing nets (quivered)
 e - 7 javelins
 q - 4 poisoned darts
 u - 2 silver javelins
 B - 5 curare-tipped darts
Armour
 k - a +0 ring mail (worn)
 o - a +0 pair of gloves (worn)
Jewellery
 m - a ring of positive energy (left hand)
Wands
 r - a wand of flame (27)
Scrolls
 g - a scroll of enchant weapon {unknown}
 h - a scroll of fog
 i - a scroll of brand weapon
 j - 2 scrolls of blinking {unknown}
 l - 2 scrolls of revelation {unknown}
 n - a scroll of fear
 p - a scroll of teleportation
 w - 2 scrolls of enchant armour {unknown}
 x - 2 scrolls of amnesia {unknown}
 y - a scroll of torment
Potions
 b - 2 potions of mutation
 t - a potion of resistance
 v - 3 potions of curing
 A - 2 potions of attraction


   Skills:
 + Level 9.9 Fighting
 + Level 9.1 Long Blades
 - Level 2.0 Throwing
 + Level 9.0 Dodging
 + Level 8.2 Evocations


You had 8 spell levels left.
You didn't know any spells.
Your spell library contained the following spells:

 Spells                   Type           Power      Damage    Failure   Level
 Apportation              Tloc           0%         N/A       63%         1
 Necrotise                Necr           0%         1d4       63%         1
 Sting                    Conj/Alch      0%         1d3       63%         1
 Summon Small Mammal      Summ           0%         N/A       63%         1
 Mercury Vapours          Alch/Air       0%         N/A       77%         2
 Mephitic Cloud           Conj/Alch/Air  0%         N/A       94%         3
 Freezing Cloud           Conj/Ice/Air   0%         6-21      100%        5


Dungeon Overview and Level Annotations

Branches:
Dungeon (6/15)             Temple (1/1) D:4

Altars:
Ashenzari
Cheibriados
Fedhas
Gozag
Hepliaklqana
Kikubaaqudgha
Makhleb
Okawaru
Qazlal
Ru
Trog
Uskayaw
Vehumet
Wu Jian

Annotations:
D:5 Prince Ribbit


Innate Abilities, Weirdness & Mutations

You have a pair of small antennae on your head.
A weak demonic guardian rushes to your aid.
You are partially covered in razor-sharp scales. (AC +1, Slay +1)
You expend magic power (3 MP) to strengthen your wands.


Message History

You miss Prince Ribbit. Prince Ribbit hits you. Prince Ribbit hits you!
You closely miss Prince Ribbit.
Prince Ribbit blinks!
You miss Prince Ribbit. Prince Ribbit misses you. Prince Ribbit hits you!
You miss Prince Ribbit.
Prince Ribbit catches a baby bat with his tongue.
Prince Ribbit hits you!
A demonic guardian appears!
You hit Prince Ribbit.
Prince Ribbit is lightly wounded.
Prince Ribbit hits you!
You are too injured to fight recklessly!
You miss Prince Ribbit.
Prince Ribbit is lightly wounded.
Prince Ribbit lets out a mournful croak.
Prince Ribbit misses you.
Prince Ribbit hops awkwardly around.
Prince Ribbit misses you.
You closely miss Prince Ribbit.
Prince Ribbit is lightly wounded.
Prince Ribbit croaks regally.
Prince Ribbit hits you!
* * * LOW HITPOINT WARNING * * *
You hit Prince Ribbit.
Prince Ribbit is lightly wounded.
Prince Ribbit closely misses you.
Your iron imp hits Prince Ribbit.
Unknown command.
You hit Prince Ribbit. Your punch misses Prince Ribbit.
Prince Ribbit is moderately wounded.
Prince Ribbit barely misses you.
Unknown command.
You miss Prince Ribbit.
Prince Ribbit is moderately wounded.
Prince Ribbit hits you!
* * * LOW HITPOINT WARNING * * *
Your iron imp barely misses Prince Ribbit.
Prince Ribbit misses you.
Unknown command.
You barely miss Prince Ribbit.
Prince Ribbit is moderately wounded.
Prince Ribbit hits you!
You die...

#.......... #........##
#########........#
#......##........#
#^.....##........##
#................#.
#......##..........
#..F...######..#...
#.@5...............
#..............##..
###.......##......#..
#......#####.........
#....................
##......####.........#
##....#.## ##...#.....#
#..##...# ##.....#.....
#.....#####..##..##....


You could see Prince Ribbit (ally target) and a friendly iron imp (summoned).

Vanquished Creatures
  Pikel (D:6)
  Sigmund (D:3)
  A scorpion (D:4)
  A bombardier beetle (D:5)
  2 hounds (D:5)
  Terence (D:2)
  3 iguanas (D:5)
  6 adders
  2 white imps (D:5)
  2 ufetubi (D:5)
  2 dart slugs
  2 ribbon worms (D:3)
  5 orcs
  6 bats
  3 endoplasms
  5 goblins
  9 hobgoblins
  13 jackals
  4 kobolds
  3 quokkas
  5 ball pythons
  4 frilled lizards
  4 rats
85 creatures vanquished.

Notes
Turn   | Place    | Note
-------+----------+-------------------------------------------
     0 | D:1      | grandjackal the Demonspawn Gladiator began the quest for
                  | the Orb.
     0 | D:1      | Reached XP level 1. HP: 16/16 MP: 1/1
    32 | D:1      | Gained mutation: You are partially covered in razor-sharp
                  | scales. (AC +1, Slay +1) [demonic ancestry]
    32 | D:1      | Reached XP level 2. HP: 20/22 MP: 2/2
   652 | D:2      | Noticed Terence
   659 | D:1      | Reached XP level 3. HP: 28/28 MP: 3/3
   803 | D:2      | Killed Terence
   804 | D:2      | Reached XP level 4. HP: 8/35 MP: 4/4
  1558 | D:3      | Noticed Sigmund
  1560 | D:3      | Gained mutation: You expend magic power (3 MP) to
                  | strengthen your wands. [potion of mutation]
  1561 | D:3      | Reached XP level 5. HP: 48/48 MP: 5/5
  1653 | D:3      | Killed Sigmund
  1654 | D:3      | Reached XP level 6. HP: 39/55 MP: 6/6
  2726 | D:4      | Found a staircase to the Ecumenical Temple.
  3059 | D:5      | Entered Level 5 of the Dungeon
  3193 | D:5      | Identified the +0 robe "Xojaiz" {rF+ rN+ Regen+}
  3318 | D:5      | Gained mutation: A weak demonic guardian rushes to your
                  | aid. [demonic ancestry]
  3318 | D:5      | Reached XP level 7. HP: 61/61 MP: 7/7
  3318 | D:5      | Gained mutation: You have a pair of small antennae on your
                  | head. [demonic ancestry]
  3318 | D:5      | Reached XP level 8. HP: 72/72 MP: 8/8
  3360 | Temple   | Entered the Ecumenical Temple
  3377 | Temple   | Became a worshipper of Trog the Wrathful
  3401 | D:5      | Reached XP level 9. HP: 78/78 MP: 9/9
  3568 | D:5      | Found a snail-covered altar of Cheibriados.
  3904 | D:6      | Noticed Prince Ribbit
  3905 | D:6      | Noticed Pikel
  3920 | D:6      | Killed Pikel
  4125 | D:5      | Slain by Prince Ribbit

Illustrated notes

Levels and vault maps discovered:
D:1:      dpeg_arrival_tiny_k, layout_loops_ring
D:2:      layout_basic, minmay_misc_feat_room, uniq_terence
D:3:      layout_basic, uniq_sigmund
D:4:      layout_cave_pools, temple_statues
D:5:      layout_rooms, mainiacjoe_overflow_24_doors, serial_bayou_pond_c
D:6:      layout_basic, mainiacjoe_overflow_six_doors_small,
          nicolae_overflow_hidden_temple, led_sif_book, serial_shops,
          nicolae_shop_tiny_glass, uniq_pikel, uniq_prince_ribbit1,
          uniq_jeremiah
Temple:   cyrus_circular_temple

Skill      XL: |  1  2  3  4  5  6  7  8  9 |
---------------+----------------------------+-----
Throwing       | 2 |  2.0
Dodging        | 3 6 7 8 9 |  9.0
Long Blades    | 3 7 9 |  9.1
Fighting       | 3 7 9 |  9.9
Evocations     | 8 |  8.2

Action                     |  1- 3 |  4- 6 |  7- 9 || total
---------------------------+-------+-------+-------++-------
  Melee: Long sword        |    83 |   163 |    69 ||   315
         Punch             |       |     1 |       ||     1
    Use: Potion            |       |     2 |     3 ||     5
         Scroll            |       |       |    10 ||    10
 Armour: Leather armour    |    22 |       |       ||    22
         Ring mail         |    38 |   101 |    39 ||   178
  Dodge: Dodged            |    67 |   148 |    30 ||   245

Table legend: (Time is in decaauts)
 A = Elapsed time spent in this place.
 B = Non-inter-level travel time spent in this place.
 C = Inter-level travel time spent in this place.
 D = Time resting spent in this place.
 E = Time spent auto-exploring this place.
 F = Levels seen in this place.
 G = Mean time per level.
                   A        B        C        D        E       F      G
               +--------+--------+--------+--------+--------+-----+--------+
         Total |   4167 |   3941 |    226 |    711 |   2427 |   7 |  595.3 |
       Dungeon |   4134 |   3924 |    210 |    711 |   2427 |   6 |  689.0 |
        Temple |     32 |     17 |     15 |      0 |      0 |   1 |   32.0 |
               +--------+--------+--------+--------+--------+-----+--------+

Top non-repeatable levels by time:
     D:3: 1102 daAuts
     D:5: 999 daAuts
     D:2: 842 daAuts
     D:1: 705 daAuts
     D:4: 459 daAuts
  Temple: 32 daAuts
     D:6: 26 daAuts
